 Dungeon Crawl Stone Soup version 0.24-a0-307-gf989941 (webtiles) character file.

Game seed: 8408295563959281911

99 MisterFreud the Slasher (level 4, -2/31 HPs)
             Began as an Octopode Fighter on May 12, 2019.
             Slain by a gnoll
             ... wielding a +0 spear
              (7 damage)
             ... on level 3 of the Dungeon.
             The game lasted 00:02:35 (1652 turns).

MisterFreud the Slasher (Octopode Fighter)          Turns: 1652, Time: 00:02:36

Health: -2/31      AC:  1    Str: 15    XL:     4   Next: 72%
Magic:  4/4        EV: 11    Int: 11    God:
Gold:   82         SH:  9    Dex: 11    Spells: 3/3 levels left

rFire    . . .     SeeInvis .   a - +0 long sword
rCold    . . .     Gourm    .   b - +1 shield
rNeg     . . .     Faith    .   (helmet restricted)
rPois    .         Spirit   .   (no amulet)
rElec    .         Reflect  .   (no ring)
rCorr    .         Harm     .   (no ring)
MR       .....                  (no ring)
Stlth    ++........             (no ring)
HPRegen  0.10/turn              (no ring)
MPRegen  0.09/turn              (no ring)
                                (no ring)
                                (no ring)

@: no status effects
A: almost no armour, stealthy swim, amphibious, 8 rings, constrict 8, camouflage
1, gelatinous body 1
a: no special abilities


You were on level 3 of the Dungeon.
You were not hungry.

You visited 1 branch of the dungeon, and saw 3 of its levels.

You collected 82 gold pieces.

Inventory:

Hand Weapons
 a - a +0 long sword (weapon)
Missiles
 f - 72 stones (quivered)
 m - 40 bolts
 o - 26 arrows
 s - 20 poisoned darts
Armour
 b - a +1 shield (worn)
Scrolls
 e - a scroll of identify
 h - a scroll of random uselessness
 i - 2 scrolls of teleportation
 r - a scroll of enchant armour
Potions
 c - a potion of might
 q - a potion of brilliance
Comestibles
 d - 6 rations
 g - a chunk of flesh


   Skills:
 - Level 3.0 Fighting
 + Level 4.8 Long Blades
 - Level 3.0 Dodging
 - Level 3.0 Shields


You had 3 spell levels left.
You didn't know any spells.
Your spell library was empty.

Dungeon Overview and Level Annotations

Branches:
Dungeon (3/15)

Altars:
Qazlal
Uskayaw


Innate Abilities, Weirdness & Mutations

You cannot wear most types of armour.
You are very stealthy in the water. (Stealth+)
You are amphibious.
You can wear up to eight rings at the same time.
You can use your tentacles to constrict eight enemies at once.
Your skin changes colour to match your surroundings (Stealth+).
Your rubbery body absorbs attacks. (AC +1, EV +1)


Message History

You constrict the gnoll. The gnoll barely misses you.
You riposte.
You hit the gnoll.
The gnoll is severely wounded.
The gnoll hits you but does no damage.
You slash the gnoll!
You kill the gnoll!
You block the gnoll's attack.
The gnoll throws a throwing net.
The throwing net hits you.
You become entangled in the net!
You see here a throwing net.
You struggle against the net.
Some of the chunks of flesh in your inventory have rotted away.
You tear a large gash into the net.
The gnoll hits you from afar with a +0 spear.
You struggle against the net.
The gnoll hits you from afar with a +0 spear!
* * * LOW HITPOINT WARNING * * *
You rip the net and break free!
The gnoll hits you from afar with a +0 spear!
You die...

#########
#........
#.###############
#................
#.#.#####.#.##..
#.#<....#@#
#.#.###.#)#
#.#.....#g#
#.#######g# #..
).. #> ... ##.#.
#.#. #.#..


You could see 2 gnolls.

Vanquished Creatures
  2 gnolls (D:3)
  5 adders (D:2)
  2 worms (D:2)
  3 giant cockroaches
  4 goblins
  2 hobgoblins
  7 bats
  A frilled lizard (D:1)
  6 kobolds
  3 rats
35 creatures vanquished.

Notes
Turn   | Place    | Note
-------+----------+-------------------------------------------
     0 | D:1      | MisterFreud the Octopode Fighter began the quest for the
                  | Orb.
     0 | D:1      | Reached XP level 1. HP: 16/16 MP: 1/1
   197 | D:1      | Reached XP level 2. HP: 19/21 MP: 2/2
   670 | D:2      | Reached skill level 3 in Long Blades
   692 | D:2      | Reached XP level 3. HP: 19/26 MP: 3/3
  1096 | D:2      | Found a stormy altar of Qazlal.
  1096 | D:2      | Found a hide-covered altar of Uskayaw.
  1125 | D:2      | Reached skill level 4 in Long Blades
  1336 | D:2      | Reached XP level 4. HP: 31/31 MP: 4/4
  1652 | D:3      | Slain by a gnoll

Levels and vault maps discovered:
D:1:      ebering_hopf_link, layout_loops_cross
D:2:      layout_basic, chequers_temple_overflow_statue_of_worship
D:3:      layout_basic, evilmike_ruin_ashenzari, uniq_jessica, uniq_grinder

Skill      XL: |  1  2  3 |
---------------+----------+-----
Long Blades    | 3 4 |  4.8
Fighting       | |  3.0
Dodging        | |  3.0
Shields        | |  3.0

Action                   |  1- 3 |  4- 6 || total
-------------------------+-------+-------++-------
Melee: Long sword        |    53 |    13 ||    66
       Constrict         |    15 |     5 ||    20
       Tentacles         |     7 |     2 ||     9
  Use: Scroll            |     8 |       ||     8
       Potion            |     2 |       ||     2
 Stab: Sleeping          |     2 |     2 ||     4
  Eat: Chunk             |     1 |     1 ||     2
Armor: Skin              |     6 |     2 ||     8
Dodge: Dodged            |    26 |     4 ||    30
Block: Shield            |    26 |     5 ||    31
       Rpst.: Long sword |    10 |     2 ||    12

Table legend:
 A = Non-vault XP
 B = Vault XP
 C = Vault XP percentage of total XP
 D = Non-vault monster count
 E = Vault monster count
 F = Vault count percentage of total count
                 A         B        C        D         E       F
            +---------+---------+-------+---------+---------+-------
      Total |     142 |       0 |   0.0 |      35 |       0 |   0.0
            +---------+---------+-------+---------+---------+-------
        D:1 |      18 |       0 |   0.0 |      13 |       0 |   0.0
        D:2 |      94 |       0 |   0.0 |      19 |       0 |   0.0
        D:3 |      30 |       0 |   0.0 |       3 |       0 |   0.0
            +---------+---------+-------+---------+---------+-------
